 Dungeon Crawl Stone Soup version 0.29.1-1-gd02db6906a (webtiles) character file.

Game seed: 6203702615347118755

105 MisterFreud the Covert (level 4, 0/61 HPs)
             Began as a Gnoll Delver on Sept 23, 2022.
             Slain by an orc
             ... wielding a +2 dagger of speed
              (2 damage)
             ... on level 7 of the Dungeon.
             The game lasted 00:01:51 (244 turns).

MisterFreud the Covert (Gnoll Delver)                Turns: 244, Time: 00:01:51

Health: 0/61       AC:  3    Str: 11    XL:     4   Next: 83%
Magic:  5/5        EV: 13    Int: 11    God:
Gold:   9          SH:  0    Dex: 14    Spells: 5/5 levels left

rFire   . . .      SeeInvis .   a - +0 short sword
rCold   . . .      Faith    .   (no shield)
rNeg    . . .      Spirit   .   b - +0 leather armour
rPois   .          Reflect  .   (no helmet)
rElec   .          Harm     .   (no cloak)
rCorr   .          Rampage  .   (no gloves)
Will    .....                   (no boots)
Stlth   ..........              (no amulet)
HPRegen 0.20/turn               (no ring)
MPRegen 0.09/turn               (no ring)

@: berserking, very quick
A: fangs 1, strong nose, distributed training
a: no special abilities


You were on level 7 of the Dungeon.
You visited 1 branch of the dungeon, and saw 3 of its levels.

You collected 9 gold pieces.

Inventory:

Hand Weapons
 a - a +0 short sword (weapon)
Armour
 b - a +0 leather armour (worn)
Wands
 g - a wand of digging (3)
Scrolls
 c - a scroll of fog
Potions
 f - a potion of haste
 i - a potion of berserk rage


   Skills:
 + Level 6.6 Fighting
 + Level 4.7 Short Blades
 + Level 1.3 Long Blades
 + Level 1.3 Axes
 + Level 1.3 Maces & Flails
 + Level 1.3 Polearms
 + Level 1.3 Staves
 + Level 1.3 Ranged Weapons
 + Level 1.3 Throwing
 + Level 1.3 Armour
 + Level 4.7 Dodging
 + Level 9.6 Stealth
 + Level 1.3 Shields
 + Level 1.3 Unarmed Combat
 + Level 1.3 Spellcasting
 + Level 1.0 Conjurations
 + Level 1.0 Hexes
 + Level 1.0 Summonings
 + Level 1.0 Necromancy
 + Level 1.0 Translocations
 + Level 1.0 Transmutations
 + Level 1.0 Fire Magic
 + Level 1.0 Ice Magic
 + Level 1.0 Air Magic
 + Level 1.0 Earth Magic
 + Level 1.0 Poison Magic
 + Level 1.4 Invocations
 + Level 1.3 Evocations


You had 5 spell levels left.
You didn't know any spells.
Your spell library contained the following spells:

 Spells                   Type           Power      Damage    Failure   Level
 Static Discharge         Conj/Air       3%         3-4/arc   38%         2
 Lightning Bolt           Conj/Air       1%         1d12      100%        5
 Maxwell's Capacitive Co  Air            1%         ∞         100%        8


Dungeon Overview and Level Annotations

Branches:
Dungeon (7/15)             Temple (0/1) D:6

Altars:


Innate Abilities, Weirdness & Mutations

You have very sharp teeth.
Your uncanny sense of smell can sniff out nearby items.
Your experience applies equally to all skills.


Message History

The orc is moderately wounded.
The orc completely misses you.
You hit the orc but do no damage. You bite the orc, but do no damage.
The orc is moderately wounded.
The orc hits you with a +2 dagger of speed.
* * * LOW HITPOINT WARNING * * *
Okay, then.
Unknown command.
Blink to where?
Press: ? - help, Dir - move target
As you read the scroll labelled OLECUK OMESEUL, it crumbles to dust.
It was a scroll of blinking.
The orc hits you with a +2 dagger of speed.
* * * LOW HITPOINT WARNING * * *
The orc closely misses you.
You climb downwards.
There is a stone staircase leading up here.
You feel better. The orc hits you but does no damage.
You hit the orc but do no damage.
The orc is moderately wounded.
The orc hits you with a +2 dagger of speed.
* * * LOW HITPOINT WARNING * * *
The orc barely misses you.
You closely miss the orc. You bite the orc, but do no damage.
The orc is moderately wounded.
The orc hits you with a +2 dagger of speed.
* * * LOW HITPOINT WARNING * * *
You completely miss the orc. Your bite misses the orc.
The orc is moderately wounded.
The orc hits you with a +2 dagger of speed.
* * * LOW HITPOINT WARNING * * *
You hit the orc but do no damage.
The orc is moderately wounded.
The orc hits you with a +2 dagger of speed.
* * * LOW HITPOINT WARNING * * *
It was a potion of berserk rage.
A red film seems to cover your vision as you go berserk!
You feel yourself moving faster!
You feel mighty! The orc barely misses you.
The orc hits you with a +2 dagger of speed.
You die...

##############.##.#.
#..............(..#.
#.############.#..#.
#.#..........#.#..#.
#.#.#####..#.#.#....
#.#.# #..#.#.###..
#.#.# #....#.....#
#.#o# ##.#######.#
#.#@# #.# #.#
#.########.# #..
#..........# ##.
############ ## #


You could see an orc.

Vanquished Creatures
  4 orc wizards
  3 orcs
7 creatures vanquished.

Notes
Turn   | Place    | Note
-------+----------+-------------------------------------------
     0 | D:5      | Reached skill level 9 in Stealth
     0 | D:5      | MisterFreud the Gnoll Delver began the quest for the Orb.
     0 | D:5      | Reached XP level 1. HP: 23/23 MP: 1/1
    19 | D:6      | Noticed an orc priest
    64 | D:7      | Noticed an orc wizard
    68 | D:7      | Killed an orc wizard
    69 | D:7      | Reached XP level 2. HP: 29/29 MP: 2/2
    69 | D:7      | Reached XP level 3. HP: 35/35 MP: 3/3
    99 | D:7      | Reached skill level 1 in Long Blades
    99 | D:7      | Reached skill level 1 in Axes
    99 | D:7      | Reached skill level 1 in Maces & Flails
    99 | D:7      | Reached skill level 1 in Polearms
    99 | D:7      | Reached skill level 1 in Staves
    99 | D:7      | Reached skill level 1 in Ranged Weapons
    99 | D:7      | Reached skill level 1 in Throwing
    99 | D:7      | Reached skill level 1 in Armour
    99 | D:7      | Reached skill level 1 in Shields
    99 | D:7      | Reached skill level 1 in Unarmed Combat
    99 | D:7      | Reached skill level 1 in Spellcasting
    99 | D:7      | Reached skill level 1 in Invocations
    99 | D:7      | Reached skill level 1 in Evocations
   101 | D:7      | Reached XP level 4. HP: 41/41 MP: 5/5
   132 | D:7      | Noticed a sky beast
   198 | D:6      | Reached skill level 1 in Conjurations
   198 | D:6      | Reached skill level 1 in Hexes
   198 | D:6      | Reached skill level 1 in Summonings
   198 | D:6      | Reached skill level 1 in Necromancy
   198 | D:6      | Reached skill level 1 in Translocations
   198 | D:6      | Reached skill level 1 in Transmutations
   198 | D:6      | Reached skill level 1 in Fire Magic
   198 | D:6      | Reached skill level 1 in Ice Magic
   198 | D:6      | Reached skill level 1 in Air Magic
   198 | D:6      | Reached skill level 1 in Earth Magic
   198 | D:6      | Reached skill level 1 in Poison Magic
   227 | D:6      | HP: 1/41 [orc/+2 dagger of speed (4)]
   227 | D:6      | Noticed a phantom
   229 | D:6      | Noticed an ogre
   243 | D:7      | HP: 1/41 [orc/+2 dagger of speed (3)]
   244 | D:7      | Slain by an orc

Illustrated notes

Levels and vault maps discovered:
D:5:      layout_basic, mainiacjoe_overflow_brackets,
          nicolae_overflow_quartered_altars
D:6:      layout_loops_ring, temple_pool_b, gup_sewer_entry_pipe,
          chequers_ossuary_entry_cave, minmay_manual_moon
D:7:      layout_basic, gammafunk_ghost_necromancy, serial_park_tiny_1,
          st_stairs_2, minmay_a_box_with_orc_wizards_in_it

Skill      XL: |  1  2  3  4 |
---------------+-------------+-----
Stealth        | |  9.6
Long Blades    | 1 |  1.3
Axes           | 1 |  1.3
Maces & Flails | 1 |  1.3
Polearms       | 1 |  1.3
Staves         | 1 |  1.3
Ranged Weapons | 1 |  1.3
Throwing       | 1 |  1.3
Armour         | 1 |  1.3
Shields        | 1 |  1.3
Unarmed Combat | 1 |  1.3
Spellcasting   | 1 |  1.3
Invocations    | 1 |  1.4
Evocations     | 1 |  1.3
Conjurations   | 1 |  1.0
Hexes          | 1 |  1.0
Summonings     | 1 |  1.0
Necromancy     | 1 |  1.0
Translocations | 1 |  1.0
Transmutations | 1 |  1.0
Fire Magic     | 1 |  1.0
Ice Magic      | 1 |  1.0
Air Magic      | 1 |  1.0
Earth Magic    | 1 |  1.0
Poison Magic   | 1 |  1.0
Fighting       | |  6.6
Short Blades   | |  4.7
Dodging        | |  4.7

Action                   |  1- 3 |  4- 6 || total
-------------------------+-------+-------++-------
Melee: Short sword       |     5 |    37 ||    42
       Bite              |       |     6 ||     6
       Punch             |       |     1 ||     1
  Use: Scroll            |     1 |     2 ||     3
       Potion            |       |     3 ||     3
 Stab: Sleeping          |     5 |       ||     5
Armor: Leather armour    |       |     5 ||     5
Dodge: Dodged            |       |    13 ||    13
